Unix NetHack Version 5.0.0-0 post-release - last build May 23 2026 06:08:33 (1c0ff79ee797540d5714e4e18072db0edd9e58ae,branch:main).

Game began 2026-05-25 20:54:59, ended 2026-05-25 21:04:55.

Jobair, neutral female human Tourist

                                ----------------
      ----------------          |..............|
      |..............|          |..............|
      |..............|         #...............|
      |..............|         #----------.-----
      |.s@...........|         ##         #####
      - -|------------          #             #
        #######                 #             ##
        #     ###               #              #
                "##             ##             #
                 -|----          #             #
                 |....|     -----#    ---------.----
                 |.....#####|..>-#    |...(<........
                 |....|    #....|     |............|
                 ------     |...|     |...%........|
                            |...|     |.............
                            -----     --------------

Jobair the Sightseer        St:16 Dx:10 Co:18 In:13 Wi:6 Ch:15  Neutral
Dlvl:4  $:674 HP:0(29) Pw:7(7) AC:8  Xp:3 T:1482 

Latest messages:
 You miss the cave spider.
 The cave spider bites!
 You miss the cave spider.
 The cave spider bites!
 You miss the cave spider.
 The cave spider bites!
 You miss the cave spider.
 The cave spider just misses!
 You miss the cave spider.
 The cave spider bites!
 You miss the cave spider.
 The cave spider bites!
 You miss the cave spider.
 The cave spider bites!
 You miss the cave spider.
 The cave spider bites!
 You miss the cave spider.
 The cave spider bites!
 You miss the cave spider.
 The cave spider bites!
 In what direction? 4
 The dart misses the cave spider.
 The cave spider bites!
 In what direction? 4
 The dart misses the cave spider.
 The cave spider bites!
 In what direction? 4
 The dart misses the cave spider.
 The cave spider bites!
 In what direction? 4
 The dart misses the cave spider.
 The cave spider bites!
 In what direction? 4
 The dart hits the cave spider.
 The cave spider bites!
 In what direction? 4
 The dart misses the cave spider.
 The cave spider bites!
 In what direction? 4
 The dart misses the cave spider.
 The cave spider bites!
 In what direction? 4
 The dart misses the cave spider.
 The cave spider bites!
 You die...
 Do you want your possessions identified? [ynq] (y) y
 Do you want to see your attributes? [ynq] (y) y
 Do you want an account of creatures vanquished? [ynaq] (y) y
 Do you want to see your conduct and achievements? [ynq] (y) y
 Do you want to see the dungeon overview? [ynq] (y) y

Inventory:
 Coins    ('$')
  $ - 674 gold pieces
 Weapons  (')')
  r - a +0 bow
  a - 21 +2 darts (at the ready)
  x - a cursed -1 dagger
  y - a +2 scimitar (weapon in right hand)
 Armor    ('[')
  z - a blessed +3 orcish helm
  p - an uncursed +1 orcish helm (being worn)
  j - an uncursed +0 Hawaiian shirt with a ukulele motif
 Comestibles  ('%')
  B - an uncursed apple
  f - an uncursed carrot
  e - an uncursed cram ration
  C - 2 uncursed cream pies
  c - 8 uncursed food rations
  s - a cursed food ration
  b - 3 uncursed fortune cookies
  t - a cursed pancake
  d - an uncursed egg
 Scrolls  ('?')
  q - an uncursed scroll of enchant armor
  o - a cursed scroll of gold detection
  m - an uncursed scroll of identify
  i - 4 uncursed scrolls of magic mapping
  A - a blessed scroll of punishment
 Potions  ('!')
  D - an uncursed potion of confusion
  g - a blessed potion of extra healing
  h - an uncursed potion of extra healing
  n - 6 uncursed potions of healing
  w - an uncursed potion of object detection
  E - a cursed potion of restore ability
 Tools    ('(')
  l - an uncursed credit card
  k - an expensive camera (0:66)
  u - a cursed wax candle

Jobair the Tourist's attributes:

Background:
 You were a Sightseer, a level 3 female human Tourist.
 You were neutral, nominally on a mission for The Lady
 who was opposed by Blind Io (lawful) and Offler (chaotic).
 You were right-handed.
 You were in the Dungeons of Doom, on level 4.
 You entered the dungeon 1482 turns ago.
 You had 75 experience points, 5 more were needed to attain level 4.

Basics:
 You had 0 out of 29 hit points.
 You had all 7 energy points (spell power).
 Your armor class was 8.
 Your wallet contained 674 zorkmids.
 Autopickup was off.

Final Characteristics:
 Your strength was 16 (limit:18/100).
 Your dexterity was 10 (limit:18).
 Your constitution was 18 (limit:18).
 Your intelligence was 13 (limit:18).
 Your wisdom was 6 (limit:18).
 Your charisma was 15 (limit:18).

Final Status:
 You weren't hungry.
 You were unencumbered.
 You were wielding a saber.
 You were unskilled in saber.

Final Attributes:
 You were fervently aligned.
 You are dead.

Miscellaneous:
 You didn't encounter any bones levels.
 Total elapsed playing time was 9 minutes and 51 seconds.

Major events:
 Turn
    1: Jobair the neutral female human Tourist entered the dungeon
 1018: attained the rank of Sightseer (level 3)
 1482: killed by a cave spider

You didn't know any spells.

Skills:
 Fighting Skills
   bare handed combat [Unskilled]
   two weapon combat  [Unskilled]
   riding             [Unskilled]
 Weapon Skills
   dagger             [Unskilled]
   knife              [Unskilled]
   axe                [Unskilled]
   pick-axe           [Unskilled]
   short sword        [Unskilled]
   broadsword         [Unskilled]
   long sword         [Unskilled]
   two-handed sword   [Unskilled]
   saber              [Unskilled]
   mace               [Unskilled]
   morning star       [Unskilled]
   flail              [Unskilled]
   hammer             [Unskilled]
   quarterstaff       [Unskilled]
   polearms           [Unskilled]
   spear              [Unskilled]
   trident            [Unskilled]
   lance              [Unskilled]
   bow                [Unskilled]
   sling              [Unskilled]
   crossbow           [Unskilled]
   dart               [Basic]
   shuriken           [Unskilled]
   boomerang          [Unskilled]
   whip               [Unskilled]
   unicorn horn       [Unskilled]
 Spellcasting Skills
   divination spells  [Unskilled]
   enchantment spells [Unskilled]
   escape spells      [Unskilled]

Voluntary challenges:
 Character rerolling was not enabled.
 You were an atheist.
 You were illiterate.
 You never genocided any monsters.
 You never polymorphed an object.
 You never changed form.
 You used no wishes.
Achievement:
 You attained the rank of Sightseer.

 The Dungeons of Doom: levels 1 to 4
    Level 1:
    Level 2:
    Level 3:
    Level 4: <- You were here.
       Final resting place for
          you, killed by a cave spider.


Vanquished creatures:
  a water nymph
  a homunculus
  2 iguanas
  2 coyotes
  a hobgoblin
  a red mold
  a gecko
  a fox
  a kobold
  2 goblins
  3 grid bugs
  a lichen
  a kobold zombie
  4 newts
22 creatures vanquished.

No species were genocided or became extinct.

Game over:
                       ----------
                      /          \
                     /    REST    \
                    /      IN      \
                   /     PEACE      \
                  /                  \
                  |      Jobair      |
                  |      674 Au      |
                  | killed by a cave |
                  |      spider      |
                  |                  |
                  |                  |
                  |       2026       |
                 *|     *  *  *      | *
        _________)/\\_//(\/(/\)/\//\/|_)_______

Aloha Jobair the Tourist...

You died in The Dungeons of Doom on dungeon level 4 with 486 points,
and 674 pieces of gold, after 1482 moves.
You were level 3 with a maximum of 29 hit points when you died.

